 Dungeon Crawl Stone Soup version bcrawl-1.21.3-2-g9d8a61a446 (webtiles) character file.

Game seed: 13057991924744910120

184 Dyss the Changer (level 5, 0/40 HPs)
             Began as a Draconian Transmuter on Apr 23, 2020.
             Was an Initiate of Cheibriados.
             Slain by a gnoll
             ... wielding a +0 spear
              (12 damage)
             ... on level 4 of the Dungeon.
             The game lasted 00:08:25 (3962 turns).

Dyss the Changer (Draconian Transmuter)             Turns: 3962, Time: 00:08:25

Health: 0/40       AC:  5    Str: 15    XL:     5   Next: 36%
Magic:  1/8        EV: 12    Int: 14    God:    Cheibriados [......]
Gold:   213        SH:  0    Dex: 12    Spells: 4/8 levels left

rFire    . . .     SeeInvis .     - Unarmed
rCold    + . .     Gourm    .   (no shield)
rNeg     . . .     Faith    .   (armour unavailable)
rPois    .         Spirit   .   (helmet restricted)
rElec    .         Reflect  .   (no cloak)
rCorr    .         Harm     .   (no gloves)
MR       .....                  (no boots)
Stlth    +.........             (no amulet)
HPRegen  0.13/turn              p - ring of protection from fire
MPRegen  0.11/turn              d - ring of ice

@: appendage, very slightly contaminated, very slow
A: unfitting armour, horns 2, cold-blooded, AC +5
a: End Transformation, Bend Time, Renounce Religion


You were on level 4 of the Dungeon.
You worshipped Cheibriados.
Cheibriados was noncommittal.
You were not hungry.
You had grown temporary horns.
You visited 2 branches of the dungeon, and saw 5 of its levels.

You collected 213 gold pieces.

Inventory:

Hand Weapons
 c - a +2 dagger of electrocution
Missiles
 a - 337 arrows
 k - a throwing net (quivered) {!f}
Jewellery
 d - a ring of ice (right hand)
 n - an uncursed ring of ice
 p - a ring of protection from fire (left hand)
Scrolls
 f - 4 scrolls of identify {unknown}
 g - 2 scrolls of remove curse {unknown}
 i - a scroll of amnesia {unknown}
 l - a scroll of blinking {unknown}
 m - a scroll of teleportation {unknown}
 q - a scroll of magic mapping {unknown}
 r - a scroll of enchant weapon {unknown}
 s - 2 scrolls of noise {unknown}
Potions
 h - a potion of magic {unknown}
 j - a potion of agility {unknown}
 o - 2 potions of invisibility {unknown}
 t - a potion of cancellation {unknown}
 u - a potion of curing
Comestibles
 e - 4 rations {!d}


   Skills:
 - Level 1.1 Fighting
 - Level 1.7 Dodging
 - Level 3.0 Unarmed Combat
 - Level 2.0 Spellcasting
 + Level 5.7 Transmutations


You had 4 spell levels left.
You knew the following spells:

 Your Spells              Type           Power        Failure   Level  Hunger
a - Beastly Appendage     Tmut           ###...       2%          1    ##.....
b - Spider Form           Tmut/Pois      #..          22%         3    ####...

Your spell library contained the following spells:

 Spells                   Type           Power        Failure   Level  Hunger
 Sticks to Snakes         Tmut           ###.....     3%          2    ###....
 Ice Form                 Ice/Tmut       ##......     58%         4    #####..
 Blade Hands              Tmut           ###.......   54%         5    ######.


Dungeon Overview and Level Annotations

Branches:
Dungeon (4/12)             Temple (1/1) D:4

Altars:
Ashenzari
Cheibriados
Dithmenos
Elyvilon
Fedhas
Hepliaklqana
Kikubaaqudgha
Lugonu
Makhleb
Nemelex Xobeh
Okawaru
Qazlal
Sif Muna
Trog
Uskayaw
Vehumet
Wu Jian
Xom
Yredelemnul


Innate Abilities, Weirdness & Mutations

Your plain brown scales are hard. (AC +5)
You cannot fit into any form of body armour.
You are cold-blooded and may be slowed by cold attacks.
You have a pair of horns on your head.


Message History

The gnoll hits you from afar with a +0 spear.
* * * LOW HITPOINT WARNING * * *
You feel much better.
The gnoll shaman hits you with a +0 whip.
The gnoll hits you but does no damage.
You hit the gnoll shaman but do no damage.
You headbutt the gnoll shaman.
The gnoll shaman is heavily wounded.
The gnoll shaman hits you with a +0 whip.
The gnoll hits you from afar with a +0 spear.
You hit the gnoll shaman.
The gnoll shaman is severely wounded.
The gnoll shaman barely misses you.
The gnoll hits you from afar with a +0 spear!
* * * LOW HITPOINT WARNING * * *
You closely miss the gnoll shaman. You headbutt the gnoll shaman!
You kill the gnoll shaman!
Cheibriados appreciates the change of pace.
The gnoll hits you from afar with a +0 spear!
You die...

.... #.###.....♣♣ P♣♣..
....###......... ♣.≈♣..#
.............. ##.#....
............# .......
............# ###.#....
.......gg...####...#...<
...###g###....#........
#)# #....#.P.P.... #@#
#....#.P>.....
#+###....#........
.........'........
..........##..#...#
.c.........##..#.#.#
.%.......#####..#.#.#
........... #..#.#..
............. ##...#..
...... .###.#


You could see 3 gnolls.

Vanquished Creatures
  A gnoll shaman (D:4)
  Jessica (D:2)
  2 gnolls (Temple)
  2 adders (D:3)
  An adder skeleton (D:3)
  3 worms
  A dart slug (D:2)
  7 leopard geckos
  2 giant cockroaches (D:2)
  8 goblins
  8 hobgoblins
  8 jackals
  3 quokkas
  3 bats
  3 frilled lizards
  8 kobolds
  8 rats
69 creatures vanquished.

Notes
Turn   | Place    | Note
-------+----------+-------------------------------------------
     0 | D:1      | Dyss the Draconian Transmuter began the quest for the Orb.
     0 | D:1      | Reached XP level 1. HP: 16/16 MP: 3/3
   669 | D:1      | Reached XP level 2. HP: 23/23 MP: 3/5
   912 | D:1      | Reached skill level 3 in Transmutations
  1371 | D:2      | Reached XP level 3. HP: 9/28 MP: 6/6
  1809 | D:2      | Noticed Jessica
  1814 | D:2      | Learned a level 3 spell: Spider Form
  1819 | D:2      | Killed Jessica
  1819 | D:2      | Reached skill level 4 in Transmutations
  1819 | D:2      | Reached XP level 4. HP: 31/35 MP: 3/7
  2457 | D:2      | Found a shimmering blue altar of Sif Muna.
  2466 | D:2      | Became a worshipper of Sif Muna the Loreminder
  2813 | D:3      | Reached skill level 5 in Transmutations
  3415 | D:4      | Found a staircase to the Ecumenical Temple.
  3442 | Temple   | Entered the Ecumenical Temple
  3588 | Temple   | Fell from the grace of Sif Muna
  3588 | Temple   | Became a worshipper of Cheibriados the Contemplative
  3751 | Temple   | Reached XP level 5. HP: 16/40 MP: 4/8
  3944 | D:4      | Noticed a centaur
  3962 | D:4      | Slain by a gnoll

Skill      XL: |  1  2  3  4 |
---------------+-------------+-----
Transmutations | 3 4 5 |  5.7
Fighting       | |  1.1
Dodging        | |  1.7
Unarmed Combat | |  3.0
Spellcasting   | |  2.0

Action                   |  1- 3 |  4- 6 || total
-------------------------+-------+-------++-------
Melee: Unarmed           |   103 |   123 ||   226
       Kick              |    11 |    10 ||    21
       Headbutt          |     4 |    10 ||    14
       Tailslap          |     7 |     8 ||    15
 Cast: Beastly Appendage |    23 |    22 ||    45
       Spider Form       |     1 |     2 ||     3
Invok: Divine Energy     |       |     1 ||     1
  Use: Potion            |     1 |     2 ||     3
 Stab: Sleeping          |       |     1 ||     1
  Eat: Chunk             |     3 |     6 ||     9
       Ration            |       |     1 ||     1
Armor: Skin              |    41 |    27 ||    68
Dodge: Dodged            |    78 |   109 ||   187
